 Dungeon Crawl Stone Soup version 0.26.1-11-gd32895ea62 (webtiles) character file.

Game seed: 3768183038778842652

352 vvl the Ruffian (level 6, -3/52 HPs)
             Began as a Naga Transmuter on July 13, 2021.
             Slain by a quokka (4 damage)
             ... on level 3 of the Dungeon.
             The game lasted 00:08:56 (4081 turns).

vvl the Ruffian (Naga Transmuter)                   Turns: 4081, Time: 00:08:56

Health: -3/52      AC:  4    Str: 14    XL:     6   Next: 61%
Magic:  9/9        EV:  9    Int: 14    God:
Gold:   81         SH:  0    Dex: 11    Spells: 9/10 levels left

rFire    . . .     SeeInvis +   c - +1 spear (venom)
rCold    . . .     Faith    .   (no shield)
rNeg     . . .     Spirit   .   f - +0 ring mail
rPois    +         Reflect  .   l - +0 hat
rElec    .         Harm     .   (no cloak)
rCorr    .         Rampage  .   (no gloves)
Will     .....                  (no barding)
Stlth    +.........             (no amulet)
HPRegen  0.17/turn              (no ring)
MPRegen  0.11/turn              (no ring)

@: mighty, very slow
A: large, see invisible, deformed body, poison resistance, slowness 2, spit
poison 1, AC +2
a: Spit Poison


You were on level 3 of the Dungeon.
You visited 1 branch of the dungeon, and saw 3 of its levels.
You also visited: Sewer.

You collected 81 gold pieces.

Inventory:

Hand Weapons
 c - a +1 spear of venom (weapon)
Armour
 f - a +0 ring mail (worn)
 l - a +0 hat (worn)
Jewellery
 m - a +4 ring of protection {unknown}
Scrolls
 a - 3 scrolls of immolation
 e - a scroll of blinking {unknown}
 g - a scroll of noise {unknown}
 h - 2 scrolls of amnesia {unknown}
 j - 2 scrolls of identify {unknown}
Potions
 b - a potion of berserk rage {unknown}
 i - a potion of degeneration {unknown}


   Skills:
 + Level 2.3 Fighting
 + Level 1.3 Armour
 + Level 2.3 Dodging
 * Level 4.2 Unarmed Combat
 + Level 2.6 Spellcasting
 * Level 3.4 Transmutations
 * Level 3.0 Poison Magic


You had 9 spell levels left.
You knew the following spells:

 Your Spells              Type           Power        Failure   Level
a - Beastly Appendage     Tmut           22%          11%         1

Your spell library contained the following spells:

 Spells                   Type           Power        Failure   Level
 Sting                    Tmut/Pois      40%          12%         1
 Wereblood                Tmut           11%          17%         2
 Poisonous Vapours        Pois/Air       12%          36%         2
 Spider Form              Tmut/Pois      5%           36%         3
 Ignite Poison            Fire/Tmut/Pois 7%           50%         3
 Mephitic Cloud           Conj/Pois/Air  4%           65%         3
 Olgreb's Toxic Radiance  Pois           10%          78%         4
 Ice Form                 Ice/Tmut       6%           92%         4
 Blade Hands              Tmut           5%           97%         5


Dungeon Overview and Level Annotations

Branches:
Dungeon (3/15)              Sewer (visited)

Altars:
Ashenzari
Makhleb
The Shining One


Innate Abilities, Weirdness & Mutations

You cannot wear boots.
Your serpentine skin is tough. (AC +2)
You have supernaturally acute eyesight. (SInv)
Armour fits poorly on your strangely shaped body.
Your system is resistant to poisons. (rPois)
You cover ground very slowly.
You can spit poison.


Message History

The gnoll hits you from afar with a cursed +0 halberd!
The gnoll hits you.
The quokka bites you but does no damage.
The gnoll hits you from afar with a cursed +0 halberd!
* * * LOW HITPOINT WARNING * * *
The quokka bites you.
* * * LOW HITPOINT WARNING * * *
Found a scroll labelled ULEETIAR GEICU.
You feel very mighty all of a sudden.
You kill the gnoll!
The quokka bites you.
* * * LOW HITPOINT WARNING * * *
The gnoll hits you.
* * * LOW HITPOINT WARNING * * *
The gnoll hits you with a +0 club.
* * * LOW HITPOINT WARNING * * *
The quokka bites you but does no damage.
The gnoll hits you but does no damage. The quokka bites you.
You die...

#............†####...
....................
.............######.
#####...###### #.
#...# ####. #...#
#.... #.†.# #.###
#####g..### #.#
#..@rg....# #.#
#.#[##$)#.# #.# #
#.##..#.######.###
..................
.......#.####..####
.........<# #.. #
.#?......### #.. #
##........# #.# #
........# #. #


You could see 2 gnolls and a quokka.

Vanquished Creatures
  2 bullfrogs (Sewer)
  A gnoll (D:3)
  6 adders
  8 oozes (Sewer)
  2 worms (D:2)
  3 dart slugs
  18 leopard geckos
  9 ball pythons (Sewer)
  7 giant cockroaches
  8 hobgoblins
  9 bats
  10 frilled lizards
  3 goblins
  5 kobolds
  7 rats
98 creatures vanquished.

Vanquished Creatures (others)
  7 withered plants (D:3)
7 creatures vanquished.

Grand Total: 105 creatures vanquished

Notes
Turn   | Place    | Note
-------+----------+-------------------------------------------
     0 | D:1      | vvl the Naga Transmuter began the quest for the Orb.
     0 | D:1      | Reached XP level 1. HP: 18/18 MP: 3/3
   522 | D:1      | Reached XP level 2. HP: 25/25 MP: 5/5
  1070 | D:1      | Reached XP level 3. HP: 31/31 MP: 6/6
  1545 | D:2      | Found a faded altar of an unknown god.
  1610 | D:2      | Found a broken altar of Ashenzari.
  1731 | D:2      | Found a glowing golden altar of the Shining One.
  1951 | D:2      | Reached XP level 4. HP: 23/38 MP: 7/7
  2197 | D:2      | Reached skill level 1 in Poison Magic
  2495 | D:2      | Found a burning altar of Makhleb.
  2811 | D:3      | Found a glowing drain.
  2855 | Sewer    | Entered a sewer
  3441 | Sewer    | Reached XP level 5. HP: 45/45 MP: 8/8
  3496 | Sewer    | Reached skill level 1 in Armour
  3822 | Sewer    | Reached skill level 4 in Unarmed Combat
  3822 | Sewer    | Reached XP level 6. HP: 21/52 MP: 9/9
  3830 | Sewer    | HP: 1/52 [leopard gecko (4)]
  4079 | D:3      | HP: 1/52 [gnoll/+0 club (2)]
  4081 | D:3      | Slain by a quokka

Illustrated notes

Levels and vault maps discovered:
D:1:      dpeg_arrival_court, layout_loops_corners
D:2:      layout_loops_ring, tso_metal_star, lemuel_doored_altar,
          chequers_ecumenical_altar_island, bloody_makhleb
D:3:      layout_loops_cross, kiku_gazebo_garden_becter, gup_sewer_entry_pipe

Skill      XL: |  1  2  3  4  5  6 |
---------------+-------------------+-----
Dodging        | 2 |  2.3
Poison Magic   | 1 2 3 |  3.0
Transmutations | 3 |  3.4
Armour         | 1 |  1.3
Fighting       | 2 |  2.3
Unarmed Combat | 4 |  4.2
Spellcasting   | |  2.6

Action                   |  1- 3 |  4- 6 || total
-------------------------+-------+-------++-------
Melee: Unarmed           |    24 |       ||    24
       Spear             |    77 |   212 ||   289
       Punch             |     1 |     3 ||     4
  Use: Scroll            |     3 |       ||     3
       Potion            |       |     5 ||     5
Armor: Robe              |     7 |       ||     7
       Ring mail         |    17 |    87 ||   104
Dodge: Dodged            |    36 |   104 ||   140
